[Event "Titled Tuesday Blitz February 14 Late 2023"]
[White "Papp, Levente"]
[Black "Andreassen, Lars"]
[WhiteFideId "751243"]
[BlackFideId "1504878"]
[WhiteElo "2353"]
[BlackElo "2168"]
[Result "1/2-1/2"]
[Round "01"]
[TimeControl "180+2"]
[Date "2023.02.14"]
[WhiteClock "0:00:05"]
[BlackClock "0:00:17"]

1. b3 d5 2. Bb2 Nf6 3. Nf3 Nc6 4. e3 Bg4 5. d4 e6 6. Nbd2 Be7 7. c4 O-O 8. Be2 Rc8 9. O-O a5 10. Rc1 h6 11. a3 Re8 12. h3 Bh5 13. cxd5 exd5 14. Ne5 Bxe2 15. Qxe2 Nxe5 16. dxe5 Nd7 17. Qb5 Nb6 18. Qxa5 Ra8 19. Qc3 c6 20. a4 Bf8 21. Rfd1 Nd7 22. Nf3 Qe7 23. Qc2 Qe6 24. e4 dxe4 25. Qxe4 Nc5 26. Qc2 Nxb3 27. Rb1 Nc5 28. Bd4 Nxa4 29. Rxb7 c5 30. Ba1 c4 31. Nd4 Qxe5 32. Qxc4 Nc5 33. Qxf7+ Kh8 34. Nb3 Rxa1 35. Nxa1 Nxb7 36. Qxb7 Bd6 37. g3 Bc5 38. Qg2 Qe2 39. Rf1 Rf8 40. Nb3 Ba7 41. Nc1 Qc2 42. Qd5 Bxf2+ 43. Kh1 Rf6 44. Nd3 Qe2 45. Qa8+ Kh7 46. Rxf2 Rxf2 47. Nxf2 Qxf2 48. Qe4+ Kh8 49. Qe8+ Kh7 50. Qe4+ Kh8 51. Qe8+ Kh7 52. Qe4+ 1/2-1/2


[Site "https://www.chess.com"]

[Event "Titled Tuesday Blitz February 14 Late 2023"]
[White "Georg, Heinz"]
[Black "Marosi, Levente"]
[WhiteFideId "4607295"]
[BlackFideId "747181"]
[WhiteElo "2107"]
[BlackElo "2303"]
[Result "0-1"]
[Round "01"]
[TimeControl "180+2"]
[Date "2023.02.14"]
[WhiteClock "0:00:26"]
[BlackClock "0:00:52"]

1. e4 c6 2. d4 d5 3. exd5 cxd5 4. c4 Nf6 5. Nc3 Nc6 6. Bg5 Ne4 7. Nxe4 dxe4 8. d5 Ne5 9. Qd4 f6 10. Bf4 e6 11. Bxe5 fxe5 12. Qxe5 Bb4+ 13. Kd1 O-O 14. a3 Bd6 15. Qxe4 Rxf2 16. Bd3 g6 17. Nh3 Rxb2 18. Rf1 Qa5 19. Rf2 Rxf2 20. Nxf2 Bd7 21. Ng4 Rf8 22. Qd4 e5 23. Nxe5 Bc5 24. Qh4 Ba4+ 25. Ke2 Qc3 26. Ng4 Re8+ 0-1


[Site "https://www.chess.com"]

[Event "Titled Tuesday Blitz February 14 Late 2023"]
[White "Saveliev, Alexei"]
[Black "Adury, Anant"]
[WhiteFideId "24128546"]
[BlackFideId "30964687"]
[WhiteElo "2385"]
[BlackElo "2123"]
[Result "1-0"]
[Round "01"]
[TimeControl "180+2"]
[Date "2023.02.14"]
[WhiteClock "0:01:32"]
[BlackClock "0:01:16"]

1. c4 Nf6 2. Nc3 c6 3. e4 e5 4. Nf3 Qc7 5. d3 Bc5 6. Be2 a5 7. O-O d6 8. h3 h6 9. Be3 Be6 10. Qd2 Nbd7 11. d4 exd4 12. Nxd4 Bxd4 13. Bxd4 Ne5 14. b3 g5 15. Rac1 Nfd7 16. f4 gxf4 17. Rxf4 O-O-O 18. Nd5 Bxd5 19. cxd5 c5 20. Bg4 Kb8 21. Bxd7 Qxd7 22. Bxe5 dxe5 23. Rf5 Rhg8 24. Rxc5 b6 25. Rc3 Rg5 26. Rxg5 hxg5 27. Qxg5 Qd6 28. Rc6 Qb4 29. Qxd8+ Kb7 1-0


[Site "https://www.chess.com"]

[Event "Titled Tuesday Blitz February 14 Late 2023"]
[White "Rios Escobar, Adan"]
[Black "Poliakova, Varvara"]
[WhiteFideId "3403645"]
[BlackFideId "13518313"]
[WhiteElo "2234"]
[BlackElo "2010"]
[Result "0-1"]
[Round "01"]
[TimeControl "180+2"]
[Date "2023.02.14"]
[WhiteClock "0:00:02"]
[BlackClock "0:00:12"]

1. d4 f5 2. g3 Nf6 3. Bg2 d6 4. Nf3 g6 5. O-O Bg7 6. b3 O-O 7. Bb2 Nc6 8. c4 e5 9. dxe5 Ng4 10. Qc2 Ngxe5 11. Nbd2 Qe7 12. Rad1 a5 13. a3 Be6 14. Rfe1 f4 15. Ne4 fxg3 16. hxg3 Bf5 17. Nh4 Be6 18. Ba1 Rf7 19. f4 Ng4 20. Ng5 Ne3 21. Qe4 Bf5 22. Nxf5 gxf5 23. Qxe7 Rxe7 24. Bxg7 Kxg7 25. Rd3 h6 26. Nf3 Rae8 27. Bf1 Nc2 28. Rc1 Nxa3 29. c5 dxc5 30. Rxc5 Re3 31. Rd7+ Kf6 32. Rxc7 Rxb3 33. Nh4 Nd4 34. Rh7 Rxg3+ 35. Kh2 Rg4 36. Rxh6+ Kg7 37. Rh5 Rxf4 38. Rc7+ Kf6 39. Rxb7 Re6 40. Kh3 Nac2 41. Rh6+ Ke5 42. Rxe6+ Kxe6 43. Rb6+ Kd5 44. Ra6 Nc6 45. Bg2+ Kd4 46. Rxc6 Na3 47. Re6 Kc5 48. Nf3 Nc4 49. Rf6 a4 50. Kg3 Re4 51. Rxf5+ Kb4 0-1


[Site "https://www.chess.com"]

[Event "Titled Tuesday Blitz February 14 Late 2023"]
[White "Popilski, Gil"]
[Black "Slavin, Alexey"]
[WhiteFideId "2809060"]
[BlackFideId "24104388"]
[WhiteElo "2443"]
[BlackElo "2364"]
[Result "1-0"]
[Round "01"]
[TimeControl "180+2"]
[Date "2023.02.14"]
[WhiteClock "0:01:05"]
[BlackClock "0:00:04"]

1. b4 Nc6 2. b5 Ne5 3. d4 Ng6 4. h4 h5 5. e4 d6 6. g3 Nf6 7. f3 e5 8. d5 a6 9. c4 Be7 10. Bh3 Bxh3 11. Nxh3 axb5 12. cxb5 Nd7 13. Nf2 Nc5 14. Be3 b6 15. a4 Qd7 16. O-O f5 17. exf5 Qxf5 18. Bxc5 bxc5 19. Nc3 O-O 20. Kg2 Bxh4 21. Nfe4 Be7 22. a5 h4 23. g4 Nf4+ 24. Kh2 Qg6 25. Qc2 Qe8 26. Qb3 Qf7 27. b6 cxb6 28. axb6 Rab8 29. Ra7 Qe8 30. Rb1 h3 31. Qb5 Qd8 32. Rd7 Qe8 33. b7 Bh4 34. Qc6 1-0


[Site "https://www.chess.com"]

[Event "Titled Tuesday Blitz February 14 Late 2023"]
[White "Bulgurlu, Okan"]
[Black "Klose, Eli"]
[WhiteFideId "6352316"]
[BlackFideId "16242955"]
[WhiteElo "1908"]
[BlackElo "1519"]
[Result "0-1"]
[Round "01"]
[TimeControl "180+2"]
[Date "2023.02.14"]
[WhiteClock "0:00:05"]
[BlackClock "0:00:28"]

1. e4 e6 2. d4 d5 3. exd5 exd5 4. Nf3 Nf6 5. c4 Be7 6. Bf4 O-O 7. Nbd2 Bg4 8. Be2 Nbd7 9. O-O dxc4 10. Nxc4 Nb6 11. Ne3 Bh5 12. Rc1 Nbd5 13. Be5 c6 14. Nf5 Re8 15. Nxe7+ Qxe7 16. Re1 Qd8 17. Qb3 Qb6 18. Qxb6 axb6 19. a3 b5 20. h3 Nd7 21. Bd6 f6 22. g4 Bf7 23. Bd3 N7b6 24. g5 Na4 25. b3 Nab6 26. gxf6 gxf6 27. Kh2 Bg6 28. Rg1 Kf7 29. Bxg6+ hxg6 30. Nh4 g5 31. Nf5 Re2 32. Bg3 Rxa3 33. Nd6+ Kg6 34. Nxb7 Nb4 35. Nc5 N6d5 36. Ra1 Rxa1 37. Rxa1 Nc2 38. Rd1 Nce3 39. Rd3 Nf5 40. Rf3 Nxd4 41. Rd3 Ne6 42. Nd7 Nef4 43. Rd4 Rb2 44. Nc5 Ne2 45. Re4 Rc2 46. b4 Rc4 47. Rxc4 bxc4 48. Bd6 c3 49. Nd3 c2 50. Kg2 c1=Q 51. Nxc1 Nxc1 52. Kf3 Nd3 53. Ke4 N3xb4 54. Bc5 Na6 55. Ba7 Nac7 56. Kd4 Ne6+ 57. Kc4 Ndf4 58. h4 gxh4 59. f3 h3 60. Bg1 f5 61. Bh2 Kf6 62. Kc3 Ke5 63. Kd2 Ng5 64. Ke3 Ne6 65. Bg3 c5 66. Bh2 c4 67. Bg3 c3 68. Bh2 c2 69. Kd2 Ng5 70. Kxc2 Nxf3 71. Bg3 Ke4 72. Kd1 Nh5 73. Bh2 Nxh2 74. Ke2 Ng4 75. Kf1 Kf3 76. Kg1 0-1


[Site "https://www.chess.com"]

[Event "Titled Tuesday Blitz February 14 Late 2023"]
[White "Atanasov, Anthony"]
[Black "Cueto, Jonny"]
[WhiteFideId "2623897"]
[BlackFideId "3300145"]
[WhiteElo "2368"]
[BlackElo "2122"]
[Result "1-0"]
[Round "01"]
[TimeControl "180+2"]
[Date "2023.02.14"]
[WhiteClock "0:01:53"]
[BlackClock "0:00:29"]

1. d4 e5 2. dxe5 d6 3. e4 dxe5 4. Qxd8+ Kxd8 5. Bc4 f6 6. f4 Nc6 7. Nf3 Bg4 8. O-O Bc5+ 9. Kh1 Bxf3 10. Rxf3 exf4 11. Bxf4 Nge7 12. Rd3+ Kc8 13. Be6+ Kb8 14. Rd7 Ne5 15. Bxe5 fxe5 16. Nc3 b6 17. Rad1 Kb7 18. Nd5 Nxd5 19. Bxd5+ Ka6 20. Bxa8 Rxa8 21. Rd8 Rxd8 22. Rxd8 Be3 23. Rd7 Bh6 24. Rxc7 Bc1 25. Rxg7 Bxb2 26. Rxh7 Bd4 27. g4 b5 28. g5 Ka5 29. g6 1-0


[Site "https://www.chess.com"]

[Event "Titled Tuesday Blitz February 14 Late 2023"]
[White "Rose, Felix"]
[Black "Vovk, Orest"]
[WhiteFideId "5105722"]
[BlackFideId "14113490"]
[WhiteElo "2091"]
[BlackElo "2315"]
[Result "0-1"]
[Round "01"]
[TimeControl "180+2"]
[Date "2023.02.14"]
[WhiteClock "0:01:05"]
[BlackClock "0:01:35"]

1. e4 g5 2. d4 g4 3. Nc3 Bg7 4. Be3 d6 5. Qd2 c6 6. O-O-O Qa5 7. Kb1 Be6 8. Nge2 b5 9. d5 b4 10. dxe6 bxc3 11. exf7+ Kxf7 12. Nxc3 Bxc3 13. Qxc3 Qxc3 14. bxc3 Nf6 15. f3 Nbd7 16. Bc4+ Kg7 17. Be6 Ne5 18. f4 Nf7 19. e5 dxe5 20. fxe5 Nxe5 21. Bd4 Ng6 22. Bxg4 e5 23. Bf3 exd4 24. cxd4 Nd5 25. Kc1 Rae8 26. c4 Ne3 27. Bxc6 Rc8 28. d5 Nxd1 29. Kxd1 Ne5 30. Bb5 Nxc4 0-1


[Site "https://www.chess.com"]

[Event "Titled Tuesday Blitz February 14 Late 2023"]
[White "vjecspec"]
[Black "Onslow, Alfie"]
[BlackFideId "436976"]
[WhiteElo "2552"]
[BlackElo "2157"]
[Result "1-0"]
[Round "01"]
[TimeControl "180+2"]
[Date "2023.02.14"]
[WhiteClock "0:00:09"]
[BlackClock "0:00:02"]

1. e4 c5 2. Nf3 Nc6 3. d4 cxd4 4. Nxd4 e5 5. Nb5 d6 6. c4 Be7 7. N1c3 a6 8. Na3 Nf6 9. Be2 O-O 10. Nc2 Nd7 11. O-O Nc5 12. Be3 Ne6 13. Qd2 Bg5 14. Bxg5 Qxg5 15. Qxg5 Nxg5 16. Rfd1 Rd8 17. Rd2 Ne6 18. Rad1 Ned4 19. Nxd4 Nxd4 20. Bf1 Be6 21. b3 Kf8 22. Ne2 Nxe2+ 23. Bxe2 Ke7 24. f3 Rac8 25. Kf2 g6 26. Ke3 f5 27. exf5 gxf5 28. f4 e4 29. g3 Rc6 30. Rd4 Kf6 31. R1d2 a5 32. Rd1 h5 33. Bxh5 Rh8 34. Be2 Rxh2 35. Rxd6 Rg2 36. Rxc6 bxc6 37. Rd6 Rxg3+ 38. Kf2 Rc3 39. Rxc6 Rc2 40. a4 Rb2 41. Rb6 Ke7 42. Ke3 Bd7 43. c5 Be6 44. Bc4 Bxc4 45. bxc4 Rxb6 46. cxb6 Kd6 47. c5+ Kc6 48. Kd4 Kb7 49. Kc4 Kc6 50. Kc3 Kb7 51. Kd4 Kc6 52. Kc4 Kb7 53. Kb5 e3 54. c6+ Kb8 55. Ka6 e2 56. c7+ Kc8 57. b7+ Kxc7 58. Ka7 e1=Q 59. b8=Q+ Kc6 60. Qb5+ Kd6 61. Qxf5 Qe3+ 62. Ka6 Qb3 63. Kxa5 Qc3+ 64. Kb5 Qb3+ 65. Ka5 Qc3+ 66. Ka6 Qc4+ 67. Qb5 Qc8+ 68. Ka5 Qa8+ 69. Kb4 Qe4+ 70. Qc4 Qb1+ 71. Kc3 Qc1+ 72. Kd4 Qd2+ 73. Qd3 Qb4+ 74. Ke3+ Ke6 75. Qe4+ Qxe4+ 76. Kxe4 1-0


[Site "https://www.chess.com"]

[Event "Titled Tuesday Blitz February 14 Late 2023"]
[White "Sliwicki, Damian"]
[Black "Al-Tarboush, Ward"]
[WhiteFideId "1127128"]
[BlackFideId "7601450"]
[WhiteElo "2158"]
[BlackElo "2256"]
[Result "0-1"]
[Round "01"]
[TimeControl "180+2"]
[Date "2023.02.14"]
[WhiteClock "0:00:20"]
[BlackClock "0:01:20"]

1. e4 c5 2. Nf3 Nc6 3. d4 cxd4 4. Nxd4 Nf6 5. Nc3 e5 6. Nb3 Bb4 7. Bd3 d5 8. exd5 Nxd5 9. O-O Nxc3 10. bxc3 Bxc3 11. Ba3 Bxa1 12. Qxa1 f6 13. f4 Be6 14. fxe5 Nxe5 15. Bb5+ Nc6 16. Nc5 Qb6 17. Bxc6+ Qxc6 18. Nxe6 Kf7 19. Ng5+ Kg6 20. Nf3 Rhe8 21. Qd4 Rad8 22. Qxa7 Re2 23. Qa5 Rdd2 24. Qxd2 Rxd2 25. Nxd2 Qb6+ 26. Kh1 Qa5 27. Bc1 Qxa2 28. c4 Qc2 29. h3 h5 30. Kh2 Kh7 31. Kh1 h4 32. Kg1 g5 33. Nf3 Qxc4 34. Be3 Kg6 35. Bxg5 Qc5+ 36. Kh2 fxg5 37. Re1 Qd6+ 38. Re5 Kf6 39. g3 Qxe5 40. Nxe5 Kxe5 41. gxh4 gxh4 42. Kg2 Kf4 43. Kf2 b5 44. Ke2 Kg3 45. Kd3 Kxh3 46. Kc3 Kg2 0-1


[Site "https://www.chess.com"]

[Event "Titled Tuesday Blitz February 14 Late 2023"]
[White "Moral Garcia, Serafin"]
[Black "Guzman Moneo, Alberto"]
[WhiteFideId "2201925"]
[BlackFideId "2209616"]
[WhiteElo "2238"]
[BlackElo "2170"]
[Result "1-0"]
[Round "01"]
[TimeControl "180+2"]
[Date "2023.02.14"]
[WhiteClock "0:01:08"]
[BlackClock "0:01:35"]

1. c4 e5 2. Nc3 Bb4 3. Nd5 a5 4. a3 Be7 5. d4 exd4 6. Qxd4 Nf6 7. Nxe7 Qxe7 8. f3 Nc6 9. Qc3 d5 10. cxd5 Ne5 11. e4 O-O 12. Bf4 Ng6 13. Qxc7 Nxd5 14. Qxe7 Ndxe7 15. Bd6 f5 16. Bc4+ Kh8 17. exf5 Bxf5 18. Ne2 Rad8 19. Rd1 Nc6 20. O-O Rfe8 21. Ng3 Bc2 22. Rd2 Ba4 23. Bf7 Re3 24. Nf5 Rb3 25. Bxb3 Bxb3 26. Re1 a4 27. Bb4 Rc8 28. Bc3 Nf4 29. Rd7 Nd3 30. Bxg7+ Kg8 31. Nh6# 1-0


[Site "https://www.chess.com"]

[Event "Titled Tuesday Blitz February 14 Late 2023"]
[White "Mendez Machado, Andre"]
[Black "AyMitecK"]
[WhiteFideId "6603793"]
[WhiteElo "1974"]
[BlackElo "2577"]
[Result "0-1"]
[Round "01"]
[TimeControl "180+2"]
[Date "2023.02.14"]
[WhiteClock "0:00:13"]
[BlackClock "0:01:21"]

1. e4 e6 2. d4 d5 3. Nd2 Nf6 4. e5 Nfd7 5. Ngf3 c5 6. c3 Nc6 7. Bd3 g6 8. O-O Bg7 9. Re1 O-O 10. Nf1 cxd4 11. cxd4 f6 12. exf6 Qxf6 13. Bg5 Qf7 14. Be3 e5 15. dxe5 Ndxe5 16. Nxe5 Nxe5 17. h3 Bd7 18. Rc1 Bc6 19. Ng3 a6 20. b4 Rae8 21. a4 Bxa4 22. Qd2 Rd8 23. Bb6 Rd7 24. Bf1 Bc6 25. Bd4 Re8 26. f4 Nc4 27. Rxe8+ Qxe8 28. Qe1 0-1


[Site "https://www.chess.com"]

[Event "Titled Tuesday Blitz February 14 Late 2023"]
[White "Danielyan, Vahe"]
[Black "Smith, Garrett L"]
[WhiteFideId "13304828"]
[BlackFideId "2024829"]
[WhiteElo "2346"]
[BlackElo "2047"]
[Result "1-0"]
[Round "01"]
[TimeControl "180+2"]
[Date "2023.02.14"]
[WhiteClock "0:00:20"]
[BlackClock "0:00:20"]

1. c4 c5 2. g3 Nc6 3. Bg2 e5 4. Nc3 Nf6 5. e3 Be7 6. Nge2 O-O 7. O-O d6 8. d3 Be6 9. Nd5 Qd7 10. a3 Bxd5 11. cxd5 Nb8 12. b4 b6 13. Bb2 Na6 14. Qb3 Rac8 15. Rfc1 Qb7 16. b5 Nc7 17. d4 exd4 18. exd4 Nd7 19. Rc2 Bf6 20. a4 Rfe8 21. Rac1 a6 22. dxc5 Nxc5 23. Rxc5 bxc5 24. Bxf6 gxf6 25. Nf4 Re5 26. b6 Rb8 27. a5 Nb5 28. Qa4 Rbe8 29. Bf1 Nd4 30. Nh5 R8e7 31. Nxf6+ Kg7 32. f4 Re1 33. Rxe1 Rxe1 34. Ne8+ Kf8 35. Nc7 Qc8 36. Qc4 Rb1 37. Qd3 Qh3 38. Qxb1 Nf3+ 39. Kf2 Qxh2+ 40. Kxf3 Qh5+ 41. Kg2 1-0


[Site "https://www.chess.com"]

[Event "Titled Tuesday Blitz February 14 Late 2023"]
[White "Zaksaite, Salomeja"]
[Black "Pinheiro, Iung Alicio de O."]
[WhiteFideId "12801496"]
[BlackFideId "2104350"]
[WhiteElo "2283"]
[BlackElo "2306"]
[Result "0-1"]
[Round "01"]
[TimeControl "180+2"]
[Date "2023.02.14"]
[WhiteClock "0:00:01"]
[BlackClock "0:00:05"]

1. e4 c5 2. Nf3 Nc6 3. Bb5 e5 4. c3 a6 5. Ba4 b5 6. Bc2 Nf6 7. d4 cxd4 8. O-O dxc3 9. Nxc3 Be7 10. Bg5 O-O 11. Bxf6 Bxf6 12. Nd5 d6 13. a4 b4 14. Qd2 Rb8 15. h3 g6 16. Rfd1 Bg7 17. Bb3 Be6 18. Rac1 Nd4 19. Nxd4 exd4 20. Bc4 a5 21. b3 Qh4 22. Qf4 Qd8 23. Qd2 Rc8 24. Qd3 Rc5 25. Nf4 Bd7 26. Nd5 Qh4 27. Qf3 Be6 28. Kh2 Be5+ 29. Kg1 Rfc8 30. Qe2 Bxd5 31. exd5 Qf4 32. g3 Qh6 33. f4 Bf6 34. Kg2 R5c7 35. Re1 Re7 36. Qd3 Rce8 37. Qd2 Re3 38. Re2 g5 39. Rce1 gxf4 40. gxf4 Qxf4 41. Rxe3 dxe3 42. Qe2 Kh8 43. Kh1 Rg8 44. Rf1 Qg5 45. Qf3 Be5 46. Bd3 e2 47. Qxe2 Qg3 48. Qf3 Qh2# 0-1


[Site "https://www.chess.com"]

[Event "Titled Tuesday Blitz February 14 Late 2023"]
[White "Suder, Jakub"]
[Black "Clawitter, Craig"]
[WhiteFideId "1195310"]
[BlackFideId "2023105"]
[WhiteElo "2244"]
[BlackElo "2050"]
[Result "1-0"]
[Round "01"]
[TimeControl "180+2"]
[Date "2023.02.14"]
[WhiteClock "0:01:51"]
[BlackClock "0:00:09"]

1. d4 e6 2. c4 Nf6 3. Nc3 d5 4. cxd5 exd5 5. Bg5 c6 6. e3 Be7 7. Bd3 Nbd7 8. Nge2 O-O 9. Qc2 Re8 10. O-O Nf8 11. f3 g6 12. Kh1 Ne6 13. Bh4 b5 14. Nb1 Bb7 15. Nd2 Rc8 16. Nb3 a5 17. a4 b4 18. Qd2 c5 19. dxc5 Nxc5 20. Nxc5 Bxc5 21. Nd4 Qb6 22. Bb5 Re5 23. Rac1 Bxd4 24. exd4 Re6 25. Rxc8+ Bxc8 26. Rc1 Bd7 27. Bxf6 Bxb5 28. Qh6 Re1+ 29. Rxe1 Qxf6 30. axb5 1-0


[Site "https://www.chess.com"]

[Event "Titled Tuesday Blitz February 14 Late 2023"]
[White "Djabri,Massinas"]
[Black "gshwbedhkhd"]
[WhiteFideId "7905726"]
[WhiteElo "2231"]
[BlackElo "2554"]
[Result "1-0"]
[Round "01"]
[TimeControl "180+2"]
[Date "2023.02.14"]
[WhiteClock "0:00:10"]
[BlackClock "0:00:02"]

1. d4 f5 2. e4 fxe4 3. Nc3 Nf6 4. Bg5 g6 5. f3 d5 6. Bxf6 exf6 7. fxe4 dxe4 8. Nxe4 f5 9. Nc3 Be7 10. Bc4 Nc6 11. Nf3 Na5 12. Bb5+ c6 13. Bd3 O-O 14. Qe2 b5 15. O-O-O Ba6 16. Qe6+ Kg7 17. h4 Rf6 18. Qe2 Bd6 19. h5 g5 20. h6+ Kh8 21. Kb1 Qg8 22. Rh5 g4 23. Ne5 Re8 24. Re1 Bxe5 25. dxe5 Nc4 26. Bxc4 bxc4 27. exf6 Rxe2 28. Rxe2 Bc8 29. Rg5 Qf8 30. Rg7 f4 31. f7 Bd7 32. Ne4 f3 33. Ng5 fxe2 34. Rxh7# 1-0


[Site "https://www.chess.com"]

[Event "Titled Tuesday Blitz February 14 Late 2023"]
[White "Pham, Khoi"]
[Black "Zampronha, Wladimir Camilo"]
[WhiteFideId "1054988"]
[BlackFideId "2103087"]
[WhiteElo "2355"]
[BlackElo "2176"]
[Result "1-0"]
[Round "01"]
[TimeControl "180+2"]
[Date "2023.02.14"]
[WhiteClock "0:02:05"]
[BlackClock "0:01:17"]

1. c4 Nf6 2. Nf3 e6 3. g3 d5 4. Bg2 Be7 5. O-O O-O 6. d4 dxc4 7. Qc2 a6 8. a4 Bd7 9. Qxc4 Bc6 10. Bg5 Bd5 11. Qc2 Be4 12. Qc1 c6 13. Nc3 Bxf3 14. Bxf3 Nd5 15. Bxe7 Qxe7 16. e4 Nxc3 17. bxc3 c5 18. Qb2 cxd4 19. cxd4 Nc6 20. Rab1 Rab8 21. Rfd1 Rfd8 22. d5 exd5 23. exd5 Ne5 24. Bg2 Rd6 25. Re1 Re8 26. f4 Nf3+ 27. Bxf3 Qxe1+ 28. Rxe1 Rxe1+ 29. Kf2 Re7 30. Qc3 Red7 31. h4 g6 32. h5 gxh5 33. Qe5 Rd8 34. Qxh5 R6d7 35. Be4 f6 36. Bf5 Rc7 37. Be6+ Kg7 38. Qg4+ Kh8 39. Qf5 Rf8 40. d6 Rg7 41. d7 Re7 42. Qd5 Rd8 43. f5 Kg7 44. g4 Kf8 45. Qd4 Kg7 46. g5 Rf8 1-0


[Site "https://www.chess.com"]

[Event "Titled Tuesday Blitz February 14 Late 2023"]
[White "Dylag, Emilia"]
[Black "Djokic, Mihailo"]
[WhiteFideId "21805172"]
[BlackFideId "976440"]
[WhiteElo "2095"]
[BlackElo "2192"]
[Result "0-1"]
[Round "01"]
[TimeControl "180+2"]
[Date "2023.02.14"]
[WhiteClock "0:00:04"]
[BlackClock "0:00:29"]

1. d4 Nf6 2. c4 g6 3. g3 d5 4. cxd5 Bg7 5. Bg2 Nxd5 6. e4 Nb6 7. Ne2 c5 8. d5 O-O 9. Nbc3 e6 10. O-O exd5 11. exd5 Re8 12. Be3 Na6 13. b3 Bg4 14. Rc1 Nb4 15. h3 Bxe2 16. Nxe2 Nxa2 17. Rxc5 Qd6 18. Rc2 Rxe3 19. fxe3 Nb4 20. Rc1 N6xd5 21. e4 Qb6+ 22. Kh1 Ne3 23. Qd7 Nxf1 24. Rxf1 Rf8 25. e5 Bxe5 26. Qxb7 Qxb7 27. Bxb7 Rb8 28. Be4 f5 29. Bb1 Nd5 30. Rf3 Kg7 31. Kg2 Rb4 32. Rd3 Nf6 33. Re3 Bd6 34. Rd3 Bc5 35. Rc3 Bb6 36. Rd3 Kf7 37. Nf4 Ke7 38. Bc2 g5 39. Nd5+ Nxd5 40. Rxd5 f4 41. Rxg5 fxg3 42. Rxg3 h5 43. Rg5 h4 44. Rg4 Rb5 45. Rxh4 Rc5 46. Rc4 Rg5+ 47. Kh2 Bg1+ 48. Kh1 Bb6 49. h4 Re5 50. Kh2 Re2+ 51. Kh3 Kf6 52. Kg4 Rh2 53. h5 Bf2 54. Rc6+ Ke5 55. h6 Kd5 56. Ra6 Be3 57. h7 Bd4 58. Kg5 Rxc2 59. Rxa7 Rg2+ 60. Kh6 Rh2+ 61. Kg6 Bxa7 62. Kg7 Bd4+ 63. Kg8 Kc5 0-1


[Site "https://www.chess.com"]

[Event "Titled Tuesday Blitz February 14 Late 2023"]
[White "Ibadov, Dashgyn"]
[Black "Sariego Figueredo, Wilfredo"]
[WhiteFideId "24107514"]
[BlackFideId "3500080"]
[WhiteElo "2391"]
[BlackElo "2318"]
[Result "1-0"]
[Round "01"]
[TimeControl "180+2"]
[Date "2023.02.14"]
[WhiteClock "0:00:24"]
[BlackClock "0:00:18"]

1. e4 c5 2. Nf3 a6 3. Nc3 b5 4. d4 cxd4 5. Nxd4 Nf6 6. e5 Ng8 7. Bd3 Bb7 8. O-O e6 9. Qg4 Nc6 10. Nxc6 Bxc6 11. Be4 Rc8 12. Bg5 Qc7 13. Bxc6 Qxc6 14. Rad1 h5 15. Qg3 Nh6 16. Rd2 Nf5 17. Qf4 h4 18. Rfd1 h3 19. Ne4 Rc7 20. g4 Nh4 21. f3 Ng2 22. Qg3 Qb6+ 23. Kh1 a5 24. Nf2 Bc5 25. Nxh3 Ne3 26. Bxe3 Bxe3 27. Re2 Qc5 28. Nf2 Bxf2 29. Qxf2 Qxf2 30. Rxf2 Ke7 31. Kg2 Rhc8 32. c3 b4 33. cxb4 axb4 34. Rfd2 Rc2 35. Kg3 Rxd2 36. Rxd2 Ra8 37. b3 Ra3 38. h4 Ra5 39. Kf4 f6 40. exf6+ gxf6 41. h5 d5 42. Rc2 d4 43. Ke4 e5 44. f4 exf4 45. Kxd4 Rg5 46. Rh2 Rxg4 47. h6 f3+ 48. Ke3 Rg8 49. h7 Rh8 50. Kxf3 Kf7 51. Kf4 Kg7 52. Kf5 Kf7 53. Rc2 Rxh7 54. Rc7+ Kg8 55. Rxh7 Kxh7 56. Kxf6 Kg8 57. Ke5 Kf8 58. Kd5 Ke7 59. Kc5 Kd7 60. Kxb4 Kc7 61. a4 Kb6 62. a5+ Ka7 63. Ka4 Ka8 64. Kb5 Ka7 65. b4 Kb7 66. a6+ Ka8 67. Kb6 Kb8 68. b5 Ka8 69. Kc7 Ka7 70. b6+ Kxa6 71. b7 Ka5 72. b8=Q Ka4 73. Qb2 Ka5 74. Qb3 Ka6 75. Qa4# 1-0


[Site "https://www.chess.com"]

[Event "Titled Tuesday Blitz February 14 Late 2023"]
[White "De Souza, Cristiano Gomes"]
[Black "Hirneise, Jens"]
[WhiteFideId "2151758"]
[BlackFideId "24614734"]
[WhiteElo "2018"]
[BlackElo "2277"]
[Result "0-1"]
[Round "01"]
[TimeControl "180+2"]
[Date "2023.02.14"]
[WhiteClock "0:00:59"]
[BlackClock "0:00:43"]

1. d4 Nf6 2. c4 c5 3. d5 g6 4. Nc3 Bg7 5. e4 d6 6. h3 O-O 7. Nf3 e5 8. Be2 Ne8 9. O-O h6 10. Ne1 f5 11. f4 exf4 12. Bxf4 g5 13. Bd2 f4 14. Bg4 Nf6 15. Bxc8 Qxc8 16. Nd3 Nbd7 17. Qf3 Qe8 18. Rae1 Ne5 19. Nxe5 Qxe5 20. Nb5 Qe7 21. Bc3 Nd7 22. Nc7 Ne5 23. Bxe5 Bxe5 24. Ne6 Rf6 25. b3 Rxe6 26. dxe6 Qxe6 27. Rd1 Re8 28. Rfe1 Qg6 29. Rd5 h5 30. Qd3 g4 31. hxg4 hxg4 32. Rxe5 Rxe5 33. Rd1 Qxe4 34. Qxe4 Rxe4 35. Rxd6 Re2 36. Rg6+ Kf7 37. Rxg4 Rxa2 38. Rxf4+ Kg6 39. Re4 Rb2 40. Re3 a6 41. Kh2 b5 42. cxb5 axb5 43. Rc3 b4 44. Rxc5 Rxb3 45. Rb5 Rb1 46. Kg3 b3 47. Kf2 b2 48. Ke3 Re1+ 0-1


[Site "https://www.chess.com"]

[Event "Titled Tuesday Blitz February 14 Late 2023"]
[White "Aldokhin, Ivan"]
[Black "Torres Dominguez, David"]
[WhiteFideId "24115720"]
[BlackFideId "2220857"]
[WhiteElo "2413"]
[BlackElo "1994"]
[Result "1-0"]
[Round "01"]
[TimeControl "180+2"]
[Date "2023.02.14"]
[WhiteClock "0:00:09"]
[BlackClock "0:00:04"]

1. e4 Nc6 2. Nf3 e5 3. Bb5 Nge7 4. Nc3 g6 5. d4 exd4 6. Nd5 Bg7 7. Bg5 h6 8. Bf6 Bxf6 9. Nxf6+ Kf8 10. Nxd4 Nf5 11. exf5 Qxf6 12. Bxc6 dxc6 13. fxg6 Kg7 14. Ne2 fxg6 15. Qd4 Rd8 16. Qxf6+ Kxf6 17. Ng3 b6 18. O-O c5 19. Rfd1 Be6 20. a3 h5 21. h4 Rd4 22. f3 Rxh4 23. Ne4+ Ke5 24. Re1 Bf5 25. g3 Rxe4 26. fxe4 Bxe4 27. Rad1 Kf5 28. Rd7 Bxc2 29. Rxc7 Kg4 30. Re3 Bf5 31. Kf2 Rd8 32. Rxa7 Rd2+ 33. Ke1 Rxb2 34. Rb7 c4 35. Rc7 b5 36. Rc5 h4 37. gxh4 Bd3 38. Rd5 Kf4 39. Re6 Bf5 40. Re2 c3 41. Kf2 c2 42. Rc5 Bd3 43. Rd2 Ke4 44. Rc3 Bc4 45. Rdxc2 Rxc2+ 46. Rxc2 Kd3 47. Rc1 Be6 48. Kg3 Bf5 49. Kf4 Kd2 50. Rc5 Bd3 51. Rd5 Kc3 52. Rxd3+ Kxd3 53. Kg5 Kc3 54. Kxg6 Kb3 55. h5 Kxa3 56. h6 b4 57. h7 b3 58. h8=Q b2 59. Qc3+ Ka2 60. Qa5+ Kb1 61. Kf5 Kc2 62. Qc5+ Kd2 63. Qb4+ Kc1 64. Qc3+ Kb1 65. Ke4 Ka2 66. Qa5+ Kb3 67. Qb5+ Kc2 68. Qc4+ Kd2 69. Qb3 Kc1 70. Qc3+ Kd1 71. Qxb2 1-0


[Site "https://www.chess.com"]

[Event "Titled Tuesday Blitz February 14 Late 2023"]
[White "Stanisz, Patryk"]
[Black "Bayo Milagro, Alvaro"]
[WhiteFideId "1123106"]
[BlackFideId "22275240"]
[WhiteElo "2161"]
[BlackElo "2287"]
[Result "1/2-1/2"]
[Round "01"]
[TimeControl "180+2"]
[Date "2023.02.14"]
[WhiteClock "0:00:09"]
[BlackClock "0:00:18"]

1. d4 Nf6 2. c4 c5 3. Nf3 cxd4 4. Nxd4 Nc6 5. Nc3 g6 6. e4 d6 7. Be2 Bg7 8. Be3 O-O 9. O-O Bd7 10. f3 Nxd4 11. Bxd4 a5 12. a4 Bc6 13. Qd2 Nd7 14. Be3 Nc5 15. Qc2 Qb6 16. Nb5 Rfc8 17. Rac1 Qd8 18. b3 Qf8 19. Rcd1 Bh6 20. Bd4 Ne6 21. Bf2 Nf4 22. Rfe1 Nxe2+ 23. Rxe2 Bf4 24. g3 Be5 25. Qd3 Bxb5 26. axb5 a4 27. b4 a3 28. Bd4 Qg7 29. Ra2 Ra4 30. Bxe5 Qxe5 31. Rxa3 Rxa3 32. Qxa3 Rxc4 33. Qa8+ Kg7 34. Qxb7 Rc2 35. Qd5 Qb2 36. Qd4+ f6 37. Qxb2 Rxb2 38. Rd4 Rc2 39. b6 Rc6 40. b5 Rxb6 41. Rb4 Kf7 42. Kf2 Ke6 43. Ke3 Kd7 44. Kd4 e6 45. f4 Kc7 46. g4 Rb8 47. h4 Kb6 48. h5 gxh5 49. gxh5 Rg8 50. f5 exf5 51. exf5 Rg5 52. Kd5 Rxf5+ 53. Kxd6 Rxh5 54. Ke6 f5 55. Kf6 Kc5 56. Rb2 f4 57. b6 Rh6+ 58. Kg5 Rxb6 59. Rxb6 Kxb6 60. Kxf4 Kc5 61. Kg5 Kd4 62. Kh6 Ke3 63. Kxh7 1/2-1/2


[Site "https://www.chess.com"]